 Dungeon Crawl Stone Soup version 0.30-a0-782-ge64f9170bb (webtiles) character file.

Game seed: 9893648801945928823

39 Flugkiller the Trooper (level 3, -1/23 HPs)
             Began as a Deep Elf Chaos Knight on Mar 3, 2023.
             Was a Plaything of Xom.
             Slain by a worm (15 damage)
             ... on level 2 of the Dungeon.
             The game lasted 00:01:05 (783 turns).

Flugkiller the Trooper (Deep Elf Chaos Knight)       Turns: 783, Time: 00:01:05

Health: -1/23      AC:  5    Str:  9    XL:     3   Next: 26%
Magic:  5/5        EV: 12    Int: 16    God:    Xom [..*...]
Gold:   71         SH:  0    Dex: 16    Spells: 2/2 levels left

rFire   . . .      SeeInvis .    a - +0 short sword (chaos)
rCold   . . .      Faith    .    (no shield)
rNeg    . . .      Spirit   .    b - +2 leather armour
rPois   +          Reflect  .    (no helmet)
rElec   .          Harm     .    (no cloak)
rCorr   .          Rampage  .    (no gloves)
Will    .....                    (no boots)
Stlth   +                        (no amulet)
HPRegen 0.23/turn                o - ring of poison resistance
MPRegen 0.09/turn                (no ring)

@: no status effects
A: no striking features
a: Renounce Religion


You were on level 2 of the Dungeon.
You worshipped Xom.
You were a toy of Xom.
You visited 1 branch of the dungeon, and saw 2 of its levels.

You collected 71 gold pieces.

Inventory:

Hand Weapons
 a - a +0 short sword of chaos (weapon)
Armour
 b - a +2 leather armour (worn)
Jewellery
 o - a ring of poison resistance (left hand)
   (You found it on level 1 of the Dungeon)
Scrolls
 d - a scroll of immolation {unknown}
 g - 3 scrolls of identify {unknown}
 i - 2 scrolls of magic mapping {unknown}
 k - a scroll of fog {unknown}
 m - a scroll of teleportation {unknown}
Potions
 e - 2 potions of might {unknown}
 f - a potion of heal wounds {unknown}
 h - a potion of ambrosia {unknown}
 j - a potion of invisibility {unknown}
 l - 2 potions of degeneration {unknown}
Miscellaneous
 c - a piece from Xom's chessboard (15/15) (quivered)


   Skills:
 + Level 3.6 Fighting
 - Level 3.0 Short Blades
 - Level 0.7 Armour
 - Level 2.4 Dodging


You had 2 spell levels left.
You didn't know any spells.
Your spell library contained the following spells:

 Spells                   Type           Power      Damage    Failure   Level
 Sublimation of Blood     Necr           0%         N/A       45%         2
 Wereblood                Tmut           0%         N/A       45%         2
 Summon Hydra             Summ           0%         N/A       100%        7


Dungeon Overview and Level Annotations

Branches:
Dungeon (2/15) Zot: 11238

Altars:


Message History

You see here a rat skeleton.
There is an open door here.
You see here a +0 dagger.
There is a stone staircase leading down here.
You climb downwards.
Found a book of Blood and a scroll labelled ZIXTEW OLECRA.
There is a stone staircase leading up here.
Unknown command.
A giant cockroach comes into view.
You see here a book of Blood.
You pick up a book of Blood and begin reading...
You add the spells Sublimation of Blood, Wereblood and Summon Hydra to your library.
You see here a scroll labelled ZIXTEW OLECRA.
The giant cockroach barely misses you. x2
A frilled lizard comes into view.
The frilled lizard hisses angrily.
You hit the giant cockroach. You burn the giant cockroach.
The giant cockroach is heavily wounded.
The giant cockroach barely misses you.
You completely miss the giant cockroach.
The giant cockroach is heavily wounded.
The giant cockroach barely misses you.
You hit the giant cockroach. You burn the giant cockroach.
The giant cockroach is severely wounded.
The giant cockroach barely misses you.
You hit the giant cockroach.
The giant cockroach is almost dead.
The giant cockroach bites you.
You hit the giant cockroach. You freeze the giant cockroach.
You kill the giant cockroach!
You closely miss the frilled lizard. The frilled lizard closely misses you.
You barely miss the frilled lizard. The frilled lizard closely misses you.
You barely miss the frilled lizard. You barely miss the frilled lizard.
The frilled lizard bites you but does no damage.
You barely miss the frilled lizard.
The frilled lizard bites you but does no damage.
You closely miss the frilled lizard.
The frilled lizard unfolds its giant frill.
The frilled lizard bites you.
You hit the frilled lizard.
You kill the frilled lizard!
No target in view!
No target in view!
No target in view!
No target in view!
No target in view!
No target in view!
m - a scroll labelled ZIXTEW OLECRA HP restored.
l - 2 glowing inky potions (gained 1)
g - 3 scrolls labelled JISHRO POLE (gained 1)
You now have 34 gold pieces (gained 10).
A frilled lizard comes into view.
The frilled lizard hisses angrily.
The frilled lizard bites you but does no damage.
You hit the frilled lizard. You burn the frilled lizard.
You kill the frilled lizard!
No target in view!
No target in view!
No target in view!
No target in view!
No target in view!
No target in view!
No target in view!
No target in view!
No target in view!
You swap places.
A rat comes into view.
You see here 10 gold pieces.
You hit the rat. You freeze the rat.
The rat is severely wounded.
The rat barely misses you.
You hit the rat.
You kill the rat!
No target in view!
No target in view!
No target in view!
No target in view!
No target in view!
You now have 44 gold pieces (gained 10).
Found a stone staircase leading down.
There is a stone staircase leading down here.
Found 7 stones.
You now have 60 gold pieces (gained 16).
You now have 71 gold pieces (gained 11).
i - 2 scrolls labelled ESMU RUTSEL (gained 1)
A worm comes into view.
The worm bites you.
You hit the worm. You freeze the worm.
The worm is moderately wounded.
You hit the worm. You freeze the worm.
The worm is severely wounded.
The worm bites you!
You hit the worm.
The worm goes berserk!
The worm is almost dead.
The worm bites you!
Ouch! That really hurt!
You die... "What!?
That's it?"

#.# ### ##.## ..#
##...## #.# ##.....##
#.# ##.......# #.#
#....(.... ####
##.#####.........
#....##................
#....w@Z.######.......#
#.######..........#....
#.#.#####.....## #.#.#
##.#..# ... # #.#....
..# #.##.## ..# #.# ..
.### #.# ### #.#


You could see a worm (berserk, ally target) and a friendly giant cockroach
zombie.

Vanquished Creatures
  6 bats (D:1)
  4 endoplasms (D:1)
  A giant cockroach (D:2)
  4 goblins (D:1)
  4 hobgoblins (D:1)
  5 kobolds (D:1)
  3 ball pythons (D:1)
  6 frilled lizards
  3 rats
36 creatures vanquished.

Vanquished Creatures (others)
  A kobold (D:1)
1 creature vanquished.

Grand Total: 37 creatures vanquished

Notes
Turn   | Place    | Note
-------+----------+-------------------------------------------
     0 | D:1      | Flugkiller the Deep Elf Chaos Knight began the quest for
                  | the Orb.
     0 | D:1      | Reached XP level 1. HP: 13/13 MP: 3/3
     8 | D:1      | XOM: silly message
    54 | D:1      | XOM: butterfly on damage
   163 | D:1      | XOM: silly message
   168 | D:1      | Reached XP level 2. HP: 14/18 MP: 4/4
   417 | D:1      | Reached XP level 3. HP: 23/23 MP: 5/5
   449 | D:1      | Found a faded altar of an unknown god.
   783 | D:2      | Slain by a worm

Illustrated notes

Levels and vault maps discovered:
D:1:      nzn_arrival_crosshair, layout_rooms,
          shapermc_ecumenical_altar_pompeii, minmay_stone_trees_small,
          hangedman_feature_mirror
D:2:      layout_loops_ring

Skill      XL: |  1  2 |
---------------+-------+-----
Fighting       | 3 |  3.6
Short Blades   | |  3.0
Armour         | |  0.7
Dodging        | |  2.4

Action                     || total
---------------------------++-------
  Melee: Short sword       ||   150
         Punch             ||     1
   Stab: Paralysed         ||     1
         Sleeping          ||     1
 Armour: Leather armour    ||    53
  Dodge: Dodged            ||   105

Table legend: (Time is in decaauts)
 A = Elapsed time spent in this place.
 B = Non-inter-level travel time spent in this place.
 C = Inter-level travel time spent in this place.
 D = Time resting spent in this place.
 E = Time spent auto-exploring this place.
 F = Levels seen in this place.
 G = Mean time per level.
                   A        B        C        D        E       F      G
               +--------+--------+--------+--------+--------+-----+--------+
         Total |    760 |    721 |     39 |     84 |    388 |   2 |  380.0 |
       Dungeon |    760 |    721 |     39 |     84 |    388 |   2 |  380.0 |
               +--------+--------+--------+--------+--------+-----+--------+

Top non-repeatable levels by time:
     D:1: 625 daAuts
     D:2: 135 daAuts
